 Dungeon Crawl Stone Soup version 0.25-a0-100-g33052ceff8 (webtiles) character file.

Game seed: 15672912592762616306, levelgen mode: deterministic

2 MrRokkomies the Sneak (level 1, -1/9 HPs)
             Began as a Spriggan Enchanter on Nov 15, 2019.
             Slain by a goblin
             ... wielding a +0 club
              (2 damage)
             ... on level 1 of the Dungeon.
             The game lasted 00:00:28 (83 turns).

MrRokkomies the Sneak (Spriggan Enchanter)            Turns: 83, Time: 00:00:29

Health: -1/9       AC:  2    Str:  4    XL:     1   Next: 33%
Magic:  5/5        EV: 18    Int: 16    God:
Gold:   0          SH:  0    Dex: 16    Spells: 4/5 levels left

rFire    . . .     SeeInvis +   a - +1 dagger
rCold    . . .     Gourm    .   (shield restricted)
rNeg     . . .     Faith    .   b - +0 robe
rPois    .         Spirit   .   (helmet restricted)
rElec    .         Reflect  .   (no cloak)
rCorr    .         Harm     .   (gloves unavailable)
MR       .....                  (boots unavailable)
Stlth    +++.......             (no amulet)
HPRegen  0.03/turn              (no ring)
MPRegen  0.09/turn              (no ring)

@: very quick
A: very small, unfitting armour, see invisible, herbivore, speed 3, slow
metabolism 2
a: no special abilities


You were on level 1 of the Dungeon.
You were not hungry.

You visited 1 branch of the dungeon, and saw 1 of its levels.

Inventory:

Hand Weapons
 a - a +1 dagger (weapon)
Armour
 b - a +0 robe (worn)
Scrolls
 c - a scroll of identify {unknown}
 e - a scroll of remove curse {unknown}
Comestibles
 d - a ration


   Skills:
 * Level 1.2 Short Blades
 + Level 3.0 Dodging
 - Level 4.4 Stealth
 - Level 2.6 Spellcasting
 * Level 3.7 Hexes


You had 4 spell levels left.
You knew the following spells:

 Your Spells              Type           Power        Failure   Level  Hunger
a - Corona                Hex            ##.....      4%          1    #......

Your spell library contained the following spells:

 Spells                   Type           Power        Failure   Level  Hunger
 Confuse                  Hex            ##......     13%         3    ###....
 Tukima's Dance           Hex            ##......     13%         3    ###....
 Ensorcelled Hibernation  Hex/Ice        #.....       14%         2    ##.....
 Dazzling Spray           Conj/Hex       #.....       26%         3    ###....


Dungeon Overview and Level Annotations

Branches:
Dungeon (1/15)

Altars:


Innate Abilities, Weirdness & Mutations

You are very small and have problems with some larger weapons.
You are too small for most types of armour.
You have supernaturally acute eyesight. (SInv)
You are a herbivore.
You cover ground extremely quickly.
You need to consume almost no food.


Message History

The jackal is heavily wounded.
The jackal misses you.
You hit the jackal but do no damage.
The jackal is heavily wounded.
The jackal closely misses you. The jackal bites you.
* * * LOW HITPOINT WARNING * * *
You hit the jackal but do no damage.
The jackal is moderately wounded.
The jackal bites you but does no damage.
You barely miss the jackal.
The jackal is moderately wounded.
The jackal closely misses you. The jackal barely misses you.
A goblin comes into view. It is wielding a +0 club.
The goblin shouts!
The goblin completely misses you.
You closely miss the goblin. You hit the goblin.
The goblin is severely wounded.
The jackal closely misses you. The goblin hits you with a +0 club.
You die...

..........
######.....#
..........
.....?...[.#####.
###########
########.........
#l.....>..#
#.#..####.#
#h#..# # #.#hl#
######.#h.#
#.g@hh.#..#
#.######..# #
#..# #..# #..#


You could see 2 jackals and a goblin.

Vanquished Creatures
  A bat (D:1)
  A hobgoblin (D:1)
2 creatures vanquished.

Notes
Turn   | Place    | Note
-------+----------+-------------------------------------------
     0 | D:1      | MrRokkomies the Spriggan Enchanter began the quest for the
                  | Orb.
     0 | D:1      | Reached XP level 1. HP: 9/9 MP: 5/5
    83 | D:1      | Slain by a goblin

Levels and vault maps discovered:
D:1:      ncdulo_watergridlock, layout_basic

Action                   || total
-------------------------++-------
Melee: Dagger            ||    27
 Stab: Sleeping          ||     1
Armor: Robe              ||     7
Dodge: Dodged            ||    27

Table legend:
 A = Non-vault XP
 B = Vault XP
 C = Vault XP percentage of total XP
 D = Non-vault monster count
 E = Vault monster count
 F = Vault count percentage of total count
                 A         B        C        D         E       F
            +---------+---------+-------+---------+---------+-------
      Total |       4 |       0 |   0.0 |       2 |       0 |   0.0
            +---------+---------+-------+---------+---------+-------
        D:1 |       4 |       0 |   0.0 |       2 |       0 |   0.0
            +---------+---------+-------+---------+---------+-------
